 Dungeon Crawl Stone Soup version 0.25-a0-513-ge77a69270c (webtiles) character file.

Game seed: 15690174593073473606, levelgen mode: deterministic

954 mopl the Cudgeler (level 8, 0/84 HPs)
             Began as an Ogre Gladiator on Feb 16, 2020.
             Slain by an orc wizard
             ... wielding a +0 dagger
              (3 damage)
             ... on level 4 of the Dungeon.
             The game lasted 00:07:22 (5699 turns).

mopl the Cudgeler (Ogre Gladiator)                  Turns: 5699, Time: 00:07:23

Health: 0/84       AC:  3    Str: 19    XL:     8   Next: 14%
Magic:  8/8        EV: 10    Int:  9    God:
Gold:   223        SH:  0    Dex: 12    Spells: 7/7 levels left

rFire    + . .     SeeInvis .   a - +2 flail (drain)
rCold    + . .     Gourm    .   (no shield)
rNeg     . . .     Faith    .   b - +0 robe
rPois    .         Spirit   .   c - +0 hat
rElec    .         Reflect  .   m - scarf {rC+ rF+}
rCorr    .         Harm     .   (gloves unavailable)
MR       .....                  (boots unavailable)
Stlth    +.........             (no amulet)
HPRegen  0.24/turn              (no ring)
MPRegen  0.11/turn              (no ring)

@: flying, lightly drained
A: large, unfitting armour, tough skin 1
a: no special abilities


You were on level 4 of the Dungeon.
You were not hungry.

You visited 1 branch of the dungeon, and saw 4 of its levels.

You collected 223 gold pieces.

Inventory:

Hand Weapons
 a - a +2 flail of draining (weapon)
 y - a +0 giant club
Missiles
 d - 2 throwing nets
 i - 23 poisoned darts (quivered)
Armour
 b - a +0 robe (worn)
 c - a +0 hat (worn)
 m - a scarf of resistance (worn)
Wands
 q - a wand of flame (12)
Scrolls
 e - 2 scrolls of teleportation {unknown}
 g - 2 scrolls of blinking {unknown}
 h - 2 scrolls of identify {unknown}
 j - a scroll of random uselessness {unknown}
 l - 2 scrolls of enchant weapon {unknown}
 n - a scroll of fear {unknown}
 o - a scroll of magic mapping {unknown}
 r - a scroll of remove curse {unknown}
 w - a scroll of amnesia {unknown}
Potions
 k - a potion of curing
 s - a potion of haste {unknown}
 t - a potion of magic {unknown}
 u - a potion of agility {unknown}
 x - a potion of degeneration {unknown}
Comestibles
 f - 5 rations
 v - 2 chunks of flesh


   Skills:
 + Level 6.4(6.1) Fighting
 * Level 6.5(6.2) Maces & Flails
 + Level 4.9(4.6) Throwing
 - Level 2.6(2.4) Dodging


You had 7 spell levels left.
You didn't know any spells.
Your spell library was empty.

Dungeon Overview and Level Annotations

Branches:
Dungeon (4/15)
 Temple: D:4-7

Altars:
Fedhas

Shops:
D:4 %

Annotations:
D:2 1 runed translucent door, Crazy Yiuf


Innate Abilities, Weirdness & Mutations

You are too large for most types of armour.
You have tough skin. (AC +1)


Message History

You hear some strange, mumbled words.
A puff of frost appears from out of thin air!
The puff of frost hits you. You resist.
* * * LOW HITPOINT WARNING * * *
Things that are here:
a +0 flail; a +0 ring mail; the human skeleton of Edmund You closely miss something.
Something hits you.
* * * LOW HITPOINT WARNING * * *
Something hits you but does no damage.
You closely miss something. Something hits you.
* * * LOW HITPOINT WARNING * * *
Something hits you.
* * * LOW HITPOINT WARNING * * *
You miss something.
Something hits you but does no damage. x2
It was a potion of curing.
You feel better. Something hits you.
* * * LOW HITPOINT WARNING * * *
It was a potion of flight.
You feel very buoyant.
You fly up into the air.
Something hits you.
You die...

#.# #.# #.# #.# #.#
#.# #.#
#.##############
#..)..@{)..o...#
##############.#####
#......# #......#
#......# #......#
#.)....# #^.....#
##.#####


You could see an orc wizard.

Vanquished Creatures
  Edmund (D:4)
  Menkaure (D:4)
  An ogre (D:4)
  2 hounds (D:4)
  6 orc wizards
  3 orc priests (D:4)
  A centaur skeleton (D:4)
  Terence (D:2)
  A worker ant (D:4)
  An iguana (D:4)
  A hound skeleton (D:4)
  Robin (D:3)
  4 gnolls (D:4)
  6 adders
  An ooze (D:2)
  A worm (D:2)
  3 dart slugs
  5 leopard geckos
  12 orcs
  A ball python (D:2)
  5 giant cockroaches
  10 goblins
  12 hobgoblins
  6 jackals (D:3)
  6 kobolds
  3 quokkas
  9 bats
  4 frilled lizards
  6 rats
114 creatures vanquished.

Notes
Turn   | Place    | Note
-------+----------+-------------------------------------------
     0 | D:1      | mopl the Ogre Gladiator began the quest for the Orb.
     0 | D:1      | Reached XP level 1. HP: 22/22 MP: 1/1
     4 | D:1      | Noticed an anaconda
    14 | D:1      | Noticed a black mamba
   266 | D:1      | Reached XP level 2. HP: 20/29 MP: 2/2
   270 | D:1      | Reached skill level 3 in Fighting
   270 | D:1      | Reached skill level 3 in Maces & Flails
   830 | D:1      | Reached XP level 3. HP: 14/37 MP: 3/3
  1249 | D:2      | Noticed Terence
  1267 | D:2      | Killed Terence
  1421 | D:2      | Reached XP level 4. HP: 39/45 MP: 4/4
  1477 | D:2      | Found a blossoming altar of Fedhas.
  1753 | D:2      | Found a runed translucent door.
  1754 | D:2      | Noticed Crazy Yiuf
  1782 | D:2      | Noticed Robin
  1864 | D:3      | Reached skill level 4 in Maces & Flails
  1865 | D:3      | Killed Robin
  1865 | D:3      | Reached skill level 3 in Throwing
  1865 | D:3      | Reached XP level 5. HP: 27/54 MP: 5/5
  1893 | D:3      | Reached skill level 4 in Fighting
  3388 | D:3      | Reached XP level 6. HP: 23/63 MP: 6/6
  3736 | D:4      | Found Nusodduk's Food Shoppe.
  4095 | D:4      | Reached skill level 5 in Maces & Flails
  4176 | D:4      | Noticed Menkaure
  4184 | D:4      | Killed Menkaure
  4184 | D:4      | Reached skill level 5 in Fighting
  4184 | D:4      | Reached skill level 4 in Throwing
  4184 | D:4      | Reached XP level 7. HP: 6/72 MP: 7/7
  5082 | D:4      | Reached skill level 6 in Maces & Flails
  5410 | D:4      | Noticed Edmund
  5442 | D:4      | Killed Edmund
  5442 | D:4      | Reached skill level 6 in Fighting
  5476 | D:4      | Reached XP level 8. HP: 58/83 MP: 8/8
  5696 | D:4      | HP: 1/84 [something (5)]
  5699 | D:4      | Slain by an orc wizard

Levels and vault maps discovered:
D:1:      sevenhm_arrival_forest_fort_small_2, layout_loops_ring, minivault_23
D:2:      layout_loops_ring, fedhas_ov_isle_minmay, uniq_crazy_yiuf_cottage,
          uniq_terence, uniq_robin
D:3:      layout_basic
D:4:      layout_basic, serial_shops, shop, uniq_menkaure, uniq_edmund

Skill      XL: |  1  2  3  4  5  6  7 |
---------------+----------------------+-----
Fighting       | 3 4 5 6 |  6.4
Maces & Flails | 3 4 5 6 |  6.5
Throwing       | 3 4 |  4.9
Dodging        | |  2.6

Action                   |  1- 3 |  4- 6 |  7- 9 || total
-------------------------+-------+-------+-------++-------
Melee: Flail             |    89 |   233 |   104 ||   426
Throw: Dart              |     2 |     5 |    16 ||    23
       Throwing net      |       |     1 |     2 ||     3
  Use: Potion            |       |       |     2 ||     2
 Stab: Sleeping          |     1 |       |       ||     1
       Held in net/web   |       |     1 |       ||     1
  Eat: Chunk             |     2 |     9 |     5 ||    16
Armor: Robe              |    22 |    56 |    21 ||    99
Dodge: Dodged            |    49 |   133 |    62 ||   244

Table legend:
 A = Non-vault XP
 B = Vault XP
 C = Vault XP percentage of total XP
 D = Non-vault monster count
 E = Vault monster count
 F = Vault count percentage of total count
                 A         B        C        D         E       F
            +---------+---------+-------+---------+---------+-------
      Total |     988 |     376 |  27.6 |     104 |      10 |   8.8
            +---------+---------+-------+---------+---------+-------
        D:1 |      37 |       0 |   0.0 |      21 |       0 |   0.0
        D:2 |      82 |      48 |  36.9 |      25 |       7 |  21.9
        D:3 |     218 |      16 |   6.8 |      30 |       1 |   3.2
        D:4 |     651 |     312 |  32.4 |      28 |       2 |   6.7
            +---------+---------+-------+---------+---------+-------
